 Dungeon Crawl Stone Soup version 0.17-a0-1718-g72dbe4d (webtiles) character file.

122400 kae the Minotaur Blade (level 16, -21/146 HPs)
             Began as a Minotaur Fighter on Aug 25, 2015.
             Was a High Priest of Qazlal.
             Killed from afar by ololoev's ghost (47 damage)
             ... with a bolt of magma
             ... on level 3 of the Elven Halls.
             The game lasted 01:13:56 (30149 turns).

kae the Minotaur Blade (Minotaur Fighter)          Turns: 30149, Time: 01:13:57

Health: -21/146    AC: 29    Str: 25    XL:     16   Next: 34%
Magic:  18/22      EV:  5    Int:  7    God:    Qazlal [*****.]
Gold:   1896       SH: 17    Dex: 11    Spells: 1 memorised, 14 levels left

rFire  . . .     SeeInvis +     l - +9 scimitar (flame)
rCold  . . .     Clarity  +     z - +3 plate armour {MR+}
rNeg   + . .     SustAt   .     c - +0 shield
rPois  .         Gourm    .     C - +1 hat
rElec  .         Spirit   .     (no cloak)
rCorr  .         Warding  .     w - +1 pair of gloves
rMut   .         Stasis   .     W - +2 pair of boots
MR     ++...                    e - amulet of rage
Stlth  ..........               f - ring of see invisible
                                B - ring of positive energy

@: lethally poisoned (-21 -> -23), protected from physical damage, repel
missiles, drained, very resistant to hostile enchantments, extremely unstealthy
A: retaliatory headbutt, horns 2, clarity, mutation resistance 1
a: Upheaval, Elemental Force, Disaster Area, Renounce Religion, Evoke Berserk
Rage


You were on level 3 of the Elven Halls.
You worshipped Qazlal.
Qazlal was extremely pleased with you.
You were not hungry.

You visited 5 branches of the dungeon, and saw 28 of its levels.
You also visited: Bailey.

You collected 3004 gold pieces.
You spent 1108 gold pieces at shops.

Inventory:

Hand weapons
 g - the +3 scimitar "Toadgh" {slice, *Noise rPois Str+4}
   (You bought it in a shop on level 4 of the Orcish Mines)

   It inflicts extra damage upon your enemies.
   It affects your strength (+4).
   It protects you from poison.
   It may make noises in combat.
 l - a +9 scimitar of flaming (weapon)
 o - the +7 glaive "Rinunt" {chop, Int+3 Dex+7, unknown}
   (You found it on level 3 of the Elven Halls)

   It inflicts extra damage upon your enemies.
   It affects your intelligence (+3).
   It affects your dexterity (+7).
Missiles
 x - 5 throwing nets (quivered)
Armour
 c - a +0 shield (worn)
 p - a +1 chain mail of poison resistance
 w - a +1 pair of gloves (worn)
 z - a +3 plate armour of magic resistance (worn)
 C - a +1 hat (worn)
 W - a +2 pair of boots (worn)
Jewellery
 e - an amulet of rage (around neck)
 f - a ring of see invisible (right hand)
 n - a +2 ring of strength
 B - a ring of positive energy (left hand)
Magical devices
 d - a wand of heal wounds (6)
 i - a wand of lightning (4)
 r - a wand of disintegration (10)
 A - a wand of confusion (19)
Scrolls
 a - 4 scrolls of fog
 b - a scroll of enchant weapon
 h - 9 scrolls of remove curse
 j - 7 scrolls of teleportation
 m - a scroll of summoning
 y - 2 scrolls of amnesia
 D - 3 scrolls of enchant armour
 S - 5 scrolls of fear
 T - 4 scrolls of identify
 U - 4 scrolls of blinking
Potions
 q - 2 potions of lignification
 u - a potion of cure mutation
 v - a potion of brilliance
 E - 2 potions of might
 F - 2 potions of flight
 I - a potion of invisibility
 N - a potion of cancellation
 O - a potion of berserk rage
Comestibles
 k - 11 meat rations
 s - 5 fruits
 t - 7 chunks of flesh


   Skills:
 + Level 14.2(14.0) Fighting
 - Level 24.0(23.7) Long Blades
 + Level 14.3(14.0) Armour
 - Level 3.6(3.4) Shields
 - Level 10.0(9.8) Invocations


You had 14 spell levels left.
You knew the following spells:

 Your Spells              Type           Power        Failure   Level  Hunger
a - Infusion              Chrm           #.....       100%        1    ##.....


Dungeon Overview and Level Annotations

Branches:
Dungeon (12/15)            Temple (1/1) D:4            Lair (8/8) D:11
  Swamp (0/4) Lair:5       Spider (0/4) Lair:4        Slime (0/6) Lair:6
    Orc (4/4) D:11            Elf (3/3) Orc:3

Altars:
Ashenzari
Cheibriados
Dithmenos
Elyvilon
Fedhas
Kikubaaqudgha
Makhleb
Okawaru
Qazlal
Ru
Sif Muna
Trog
Vehumet
Xom
Zin
The Shining One
Beogh

Shops:
D:7 [   D:11 =*:*   Orc:2 (!((?   Orc:4 :[((

Portals:
Trove: D:10 (give 13 potions of heal wounds)

Annotations:
Elf:3 ololoev's ghost, mighty DrCK


Innate Abilities, Weirdness & Mutations

You reflexively headbutt those who attack you in melee.
You have a pair of horns on your head.
You possess an exceptional clarity of mind.
You are somewhat resistant to further mutation.


Message History

* * * LOW HITPOINT WARNING * * *
Drink which item? (? for menu, Esc to quit)
You feel much better.
You feel sick.
The deep elf fighter is engulfed in roaring flames.
You block the deep elf fighter's attack.
Ololoev's ghost casts a spell.
Ololoev's ghost blinks!
Drink which item? (? for menu, Esc to quit)
You don't have any such object.
Drink which item? (? for menu, Esc to quit)
Okay, then.
You closely miss ololoev's ghost.
Ololoev's ghost is severely damaged.
You feel sick.
The deep elf fighter is engulfed in roaring flames.
You kill the deep elf fighter!
Qazlal accepts your kill.
Ololoev's ghost gestures at you while chanting.
The bolt of magma hits you!
You die...

####* ##### #####
##...##* ##...## ##..#.
.......### ##.....##
##...§. ......§..#
##.§.§...## ##....#.
.........####...§.....#
#.......
........))(.'..§@W....#
#.....#.
........)####..§§.≈...#
#....... .........#
##§......## ##....#.
.........# ##.....##
##..... .........#
##...#'## ##..#.
.......'## ##'###.##
##... ##...###.** #.#
##.## #.#. *####***#,**
#.# ##.## #...
*...,,****,** #.# ##.##
###.


You could see ololoev's ghost.

Vanquished Creatures
  Saint Roka (Orc:4)
  Maud (Lair:7)
  An orc warlord (Bailey)
  The ghost of 4thArraOfDagon the Brawler, a powerful TrCK of Dithmenos (Elf:2)
  A large abomination (Elf:1)
  A deep elf demonologist (Elf:1)
  Azrael (Elf:1)
  A deep elf annihilator (Elf:1)
  Snorg (Lair:7)
  Harold (Orc:2)
  5 hydras
  Erica (D:8)
  18 dancing weapons
  Urug (Lair:1)
  3 orc high priests
  Nergalle (Lair:2)
  A fire crab (Lair:7)
  The ghost of Ajdolov the Transmogrifier, an experienced MfTm of Cheibriados (Bailey)
  A swamp dragon (shapeshifter) (Elf:1)
  21 deep elf knights
  6 deep elf summoners
  A hill giant (shapeshifter) (Elf:1)
  Pikel (D:5)
  A necromancer (Lair:4)
  16 deep elf conjurers
  The ghost of kae the Carver, an experienced MiFi (D:6)
  2 orc sorcerers (Orc:4)
  3 hill giants
  A shining eye (shapeshifter) (Elf:1)
  An ugly thing (D:12)
  4 orc knights
  4 oklob plants
  10 elephants
  2 cyclopes
  A gargoyle (D:11)
  7 black mambas
  A centaur zombie (D:12)
  A torpor snail (Lair:4)
  11 spiny frogs
  5 fire drakes
  A spriggan druid (Lair:8)
  A jumping spider (Lair:4)
  8 komodo dragons
  9 deep elf priests
  10 polar bears (Lair:8)
  4 trolls
  The ghost of George the Slasher, an average DsGl (D:5)
  3 blink frogs (Lair:4)
  14 spriggans (Lair:8)
  6 redbacks
  31 deep elf fighters
  24 deep elf magi
  A human (D:7)
  48 yaks
  2 hungry ghosts
  A hog (D:7)
  4 basilisks
  Eustachio (D:6)
  16 wolves (Lair:8)
  7 hippogriffs
  2 wyverns
  A mottled dragon (D:12)
  5 fire elementals (Elf:1)
  2 wargs
  Edmund (D:6)
  14 water moccasins
  4 slaves (D:5)
  6 ogres
  5 wasps
  6 black bears
  11 porcupines
  2 necrophages (D:8)
  A spider (Lair:4)
  6 ice beasts
  3 sky beasts
  A black bear (shapeshifter) (Elf:1)
  An elephant zombie (Lair:4)
  45 orc warriors
  An eye of draining (D:4)
  9 centaurs
  14 crocodiles
  8 big kobolds
  A komodo dragon zombie (Lair:4)
  18 giant frogs
  A gnoll sergeant (D:5)
  2 wyvern zombies
  2 scorpions
  A water moccasin skeleton (D:6)
  3 electric eels
  10 killer bees (D:10)
  12 wights
  3 hounds
  A crimson imp (D:6)
  3 jellies
  A giant frog zombie (D:10)
  A basilisk zombie (Lair:4)
  4 centaur skeletons
  A giant frog skeleton (D:8)
  30 orc wizards
  10 worker ants
  21 orc priests
  8 iguanas
  35 sheep
  A hound zombie (D:6)
  2 hound skeletons
  A worker ant zombie (D:6)
  16 adders
  20 gnolls
  31 river rats
  A shadow imp (D:8)
  7 giant geckos
  147 orcs
  A ball python (D:2)
  4 giant cockroaches
  28 goblins
  25 hobgoblins
  8 jackals
  6 quokkas
  3 bats
  8 giant newts
  59 kobolds
  2 quokka skeletons
  A quokka zombie (D:6)
  7 rats
  21 bushes
  64 fungi
  67 plants
1180 creatures vanquished.

Vanquished Creatures (collateral kills)
  A plant (Lair:4)
1 creature vanquished.

Vanquished Creatures (others)
  A deep elf fighter (Elf:3)
  A shadow imp (D:6)
  A bush (Lair:3)
  12 fungi
  24 plants
39 creatures vanquished.

Grand Total: 1220 creatures vanquished

Notes
Turn   | Place    | Note
--------------------------------------------------------------
     0 | D:1      | kae the Minotaur Fighter began the quest for the Orb.
     0 | D:1      | Reached XP level 1. HP: 19/19 MP: 0/0
   247 | D:1      | Reached XP level 2. HP: 26/26 MP: 1/1
   784 | D:2      | Reached skill level 4 in Long Blades
   858 | D:2      | You fall through a shaft for 2 floors!
   863 | D:4      | Reached XP level 3. HP: 28/31 MP: 2/2
   872 | D:4      | Reached skill level 5 in Long Blades
   929 | D:4      | Found a staircase to the Ecumenical Temple.
   941 | Temple   | Entered the Ecumenical Temple
   952 | Temple   | Became a worshipper of Qazlal Stormbringer
   997 | D:4      | Reached XP level 4. HP: 23/39 MP: 3/3
  1285 | D:2      | Reached skill level 6 in Long Blades
  1293 | D:2      | Found a sacrificial altar of Ru.
  1300 | D:2      | Reached XP level 5. HP: 38/45 MP: 4/4
  1987 | D:3      | Reached skill level 7 in Long Blades
  2093 | D:3      | Acquired Qazlal's first power
  2361 | D:3      | Found a deep blue altar of Sif Muna.
  2417 | D:4      | Reached XP level 6. HP: 40/51 MP: 5/5
  2495 | D:4      | Found a bloodstained altar of Trog.
  2495 | D:4      | Noticed an eye of draining
  2504 | D:4      | Reached skill level 8 in Long Blades
  2507 | D:4      | Killed an eye of draining
  2618 | D:4      | Noticed an ogre
  2630 | D:4      | Killed an ogre
  2630 | D:4      | Reached skill level 9 in Long Blades
  2983 | D:4      | Reached XP level 7. HP: 51/57 MP: 6/6
  3018 | D:4      | Noticed a big kobold
  3029 | D:4      | Killed a big kobold
  3033 | D:4      | Acquired Qazlal's second power
  3251 | D:4      | Noticed a big kobold
  3261 | D:4      | Killed a big kobold
  3261 | D:4      | Reached skill level 10 in Long Blades
  3275 | D:4      | Noticed a big kobold
  3283 | D:4      | Killed a big kobold
  3292 | D:4      | Noticed a big kobold
  3298 | D:4      | Killed a big kobold
  3319 | D:4      | Noticed a big kobold
  3324 | D:4      | Killed a big kobold
  3443 | D:4      | Reached skill level 11 in Long Blades
  3663 | D:5      | Entered Level 5 of the Dungeon
  3731 | D:5      | Noticed Pikel
  3744 | D:5      | Killed Pikel
  3744 | D:5      | Reached skill level 12 in Long Blades
  3744 | D:5      | Reached XP level 8. HP: 53/64 MP: 7/7
  3932 | D:5      | Acquired Qazlal's third power
  3986 | D:5      | Found a glowing golden altar of the Shining One.
  4244 | D:5      | Found a sacrificial altar of Ru.
  4253 | D:5      | Noticed George's ghost (average DsGl)
  4265 | D:5      | Killed George's ghost
  4265 | D:5      | Reached skill level 13 in Long Blades
  4311 | D:5      | Reached XP level 9. HP: 53/70 MP: 8/8
  4625 | D:6      | Noticed Edmund
  4645 | D:6      | Noticed kae's ghost (experienced MiFi)
  4648 | D:6      | Killed Edmund
  4648 | D:6      | Reached skill level 14 in Long Blades
  4810 | D:6      | Killed kae's ghost
  4810 | D:6      | Reached skill level 5 in Fighting
  4810 | D:6      | Reached skill level 5 in Armour
  4949 | D:6      | Noticed Eustachio
  4996 | D:6      | Killed Eustachio
  5128 | D:6      | Found a glowing silver altar of Zin.
  5129 | D:6      | Found a radiant altar of Vehumet.
  5318 | D:6      | Found a glowing silver altar of Zin.
  5923 | D:7      | Found Sebinn's Armour Shop.
  5931 | D:7      | Bought a +1 hat for 154 gold pieces
  6009 | D:7      | Found an ancient bone altar of Kikubaaqudgha.
  6019 | D:7      | Acquired Qazlal's fourth power
  6337 | D:7      | Reached XP level 10. HP: 80/86 MP: 9/9
  6365 | D:8      | Noticed Erica
  6379 | D:8      | Killed Erica
  6410 | D:8      | Found a white marble altar of Elyvilon.
  6585 | D:8      | Found a flagged portal.
  6591 | Bailey   | Entered a bailey
  6622 | Bailey   | Noticed Ajdolov's ghost (experienced MfTm)
  6637 | Bailey   | Killed Ajdolov's ghost
  6637 | Bailey   | Reached skill level 10 in Fighting
  6637 | Bailey   | Reached skill level 10 in Armour
  6692 | Bailey   | Noticed an orc knight
  6705 | Bailey   | Noticed an orc warlord
  6708 | Bailey   | Killed an orc knight
  6720 | Bailey   | Killed an orc warlord
  6720 | Bailey   | Reached XP level 11. HP: 44/102 MP: 10/10
  6722 | Bailey   | Acquired Qazlal's fifth power
  6726 | Bailey   | Noticed an orc knight
  6788 | Bailey   | Killed an orc knight
  6943 | Bailey   | Noticed an orc knight
  7084 | Bailey   | Killed an orc knight
  7297 | Bailey   | Gained mutation: You possess an exceptional clarity of mind. [potion of beneficial mutation]
  7298 | Bailey   | Gained mutation: You are somewhat resistant to further mutation. [potion of beneficial mutation]
  7537 | D:9      | Noticed a hill giant
  7556 | D:8      | Killed a hill giant
  8274 | D:10     | Entered Level 10 of the Dungeon
  8728 | D:10     | Found a portal to a secret trove of treasure.
  9157 | D:11     | Found Gubikil's General Store.
  9158 | D:11     | Noticed a hill giant
  9164 | D:11     | Killed a hill giant
  9360 | D:11     | Found a staircase to the Lair.
  9395 | D:11     | Found Vonuej's Assorted Antiques.
  9398 | D:11     | Bought a scroll of identify for 62 gold pieces
  9508 | D:11     | Bought a scroll of magic mapping for 38 gold pieces
  9518 | D:11     | Found Boqo Ono's Jewellery Shoppe.
  9520 | D:11     | Found a staircase to the Orcish Mines.
  9530 | D:11     | Found Juofeq's Book Boutique.
  9673 | D:11     | Bought a cursed -4 ring of protection for 28 gold pieces
  9963 | D:12     | Reached skill level 1 in Invocations
  9994 | D:12     | Reached XP level 12. HP: 96/115 MP: 10/12
 10062 | D:12     | Noticed a hill giant
 10080 | D:12     | Killed a hill giant
 10201 | D:12     | Reached skill level 5 in Invocations
 10239 | D:12     | Learned a level 1 spell: Infusion
 11408 | Lair:1   | Entered Level 1 of the Lair of Beasts
 11719 | Lair:1   | Noticed Urug
 11732 | Lair:1   | Killed Urug
 12413 | Lair:2   | Noticed Nergalle
 12422 | Lair:2   | Killed Nergalle
 12439 | Lair:2   | Reached skill level 10 in Invocations
 13485 | Lair:3   | Reached XP level 13. HP: 122/122 MP: 19/19
 13681 | Lair:3   | Reached skill level 15 in Long Blades
 14072 | Lair:4   | Found a runed door.
 14357 | Lair:4   | Found a hole to the Spider Nest.
 15160 | Lair:1   | Noticed an eight-headed hydra
 15169 | Lair:1   | Killed a five-headed hydra
 15169 | Lair:1   | Reached skill level 16 in Long Blades
 15318 | D:11     | Bought a wooden ring for 155 gold pieces
 15501 | Lair:5   | Found a staircase to the Swamp.
 16395 | Lair:6   | Reached skill level 17 in Long Blades
 16623 | Lair:6   | Found a staircase to the Slime Pits.
 17134 | Lair:7   | Reached skill level 18 in Long Blades
 17613 | Lair:7   | Noticed Maud
 17634 | Lair:7   | Killed Maud
 17749 | Lair:7   | Found a sacrificial altar of Ru.
 17774 | Lair:7   | Noticed Snorg
 17791 | Lair:7   | Killed Snorg
 17882 | Lair:7   | Reached XP level 14. HP: 85/129 MP: 20/20
 18535 | Lair:8   | Entered Level 8 of the Lair of Beasts
 18596 | Lair:8   | Reached skill level 19 in Long Blades
 19051 | Lair:8   | Reached skill level 20 in Long Blades
 20379 | Orc:1    | Entered Level 1 of the Orcish Mines
 21129 | Orc:2    | Found Teprum's Weapon Boutique.
 21260 | Orc:3    | Found a shimmering altar of Xom.
 21472 | Orc:3    | Found a staircase to the Elven Halls.
 21737 | Orc:2    | Found Guwnexku's Weapon Boutique.
 21737 | Orc:2    | Found Sanoufow's Distillery.
 21799 | Orc:2    | Noticed Harold
 21812 | Orc:2    | Killed Harold
 21821 | Orc:2    | Bought a potion of beneficial mutation for 350 gold pieces
 21831 | Orc:2    | Found Vepemox's Antique Weapon Emporium.
 21839 | Orc:2    | Found Sitalep's Magic Scroll Boutique.
 21847 | Orc:2    | Bought a scroll of enchant weapon for 105 gold pieces
 22216 | Orc:4    | Entered Level 4 of the Orcish Mines
 22817 | Orc:4    | Reached skill level 21 in Long Blades
 22820 | Orc:4    | Found a roughly hewn altar of Beogh.
 22823 | Orc:4    | Found Kittick's Book Boutique.
 22943 | Orc:4    | Found a roughly hewn altar of Beogh.
 23143 | Orc:4    | Found a roughly hewn altar of Beogh.
 23146 | Orc:4    | Found Heifus's Antique Weapon Emporium.
 23918 | Orc:4    | Noticed Saint Roka
 23957 | Orc:4    | Killed Saint Roka
 23957 | Orc:4    | Reached XP level 15. HP: 61/135 MP: 2/21
 24288 | Orc:4    | Found Basotwuu's Antique Weapon Emporium.
 24289 | Orc:4    | Found a roughly hewn altar of Beogh.
 24297 | Orc:4    | Found Nixzity's Antique Armour Shoppe.
 24334 | Orc:4    | Bought a steaming scimitar for 216 gold pieces
 24398 | Orc:4    | Identified the +3 scimitar "Toadgh" {slice, *Noise rPois Str+4} (You bought it in a shop on level 4 of the Orcish Mines)
 24463 | Elf:1    | Entered Level 1 of the Elven Halls
 24707 | Elf:1    | Reached skill level 22 in Long Blades
 25387 | Elf:1    | Reached skill level 23 in Long Blades
 25913 | Elf:1    | Noticed Azrael
 25941 | Elf:1    | Killed Azrael
 27172 | Elf:2    | Found a huge runed gate.
 27172 | Elf:2    | Found a huge runed gate.
 27172 | Elf:2    | Found a huge runed gate.
 27172 | Elf:2    | Found a huge runed gate.
 27176 | Elf:2    | Found a huge runed gate.
 27472 | Elf:2    | Reached skill level 24 in Long Blades
 27972 | Elf:2    | Reached XP level 16. HP: 134/144 MP: 22/22
 28009 | Elf:2    | Noticed 4thArraOfDagon's ghost (powerful TrCK)
 28035 | Elf:2    | Killed 4thArraOfDagon's ghost
 29593 | Elf:3    | Entered Level 3 of the Elven Halls
 29741 | Elf:3    | Found a deep blue altar of Sif Muna.
 30063 | Elf:3    | Got a warped glaive
 30122 | Elf:3    | Noticed ololoev's ghost (mighty DrCK)
 30149 | Elf:3    | Killed from afar by ololoev's ghost

Vault maps used:
D:1:      lightli_arrival_boilingwater, serial_bayou, serial_bayou_shore_a,
          serial_bayou_pond_d, serial_bayou_pond_e, serial_bayou_lake_a
D:2:      nicolae_ru_great_annihilating_truth
D:3:      lemuel_blue_sif_altar
D:4:      minmay_goblin_kobold_castle, minmay_temple_entry_large_hall,
          first_bread, st_stairs_12, trog_eyes_of_draining
D:5:      tso_metal_star, nicolae_overflow_crystal_walls,
          hangedman_decor_points, uniq_pikel
D:6:      lemuel_ice_spiral_2, gammafunk_temple_overflow_pools, basic_altar,
          uniq_edmund, uniq_eustachio
D:7:      kiku_gazebo_pond_becter, serial_shops, shop, grunt_livestock
D:8:      elyvilon_altar_4, enter_bailey_3, uniq_erica
D:10:     enter_trove_3, kennysheep_another_room, grunt_ministairs_5
D:11:     lair_0_dummy, orc_0_dummy, serial_shops, shop, shop,
          nicolae_shop_waterfront, shop_statue
D:12:     serial_glass, glass_columns_c, glass_columns_a
Temple:   temple_eino_lava_12
Lair:1:   grunt_megastairs_3, lemuel_fruit_tree, uniq_urug
Lair:2:   uniq_nergalle
Lair:3:   minmay_hedge_maze, infiniplex_staircase_pool_2
Lair:4:   pond_and_an_island_with_a_cottage, spider_nest_entry_funnel_web,
          minmay_stone_trees_small, pf_torpor_hydra
Lair:5:   minmay_swamp_entry_reptiles, disabler_island,
          infiniplex_staircase_pool
Lair:6:   slime_dummy, bh_chokoban, beast_lair_carwin_4
Lair:7:   lemuel_oklob_altar, uniq_maud, uniq_snorg
Lair:8:   minmay_lair_end_enchanted_forest
Orc:1:    minmay_goldmine
Orc:2:    serial_shops, shop, shop, shop_scrolls, nicolae_shop_trees, shop,
          mines3_lemuel, uniq_harold
Orc:3:    basic_altar, nicolae_orc_pool_cavern
Orc:4:    grunt_orc_community_town_hall, grunt_orc_community_big_house_1,
          grunt_orc_community_big_house_1, grunt_orc_community_house_3,
          grunt_orc_community_house_2, grunt_orc_community_house_3,
          grunt_orc_community_house_1, grunt_orc_community_house_3,
          grunt_orc_community_house_2
Elf:1:    minmay_elf_arrival_summoners, hangedman_elven_crosses_minicolossus,
          uniq_azrael
Elf:3:    minmay_elf_hall_dome, basic_altar, grunt_ministairs_8,
          small_statue_intersection, st_stairs_12, amalloy_card_club,
          basic_stair_grate_trap
Bailey:   bailey_axe_minmay_hex_keep, bailey

Action                   |  1- 3 |  4- 6 |  7- 9 | 10-12 | 13-15 | 16-18 || total
-------------------------+-------+-------+-------+-------+-------+-------++-------
Melee: Long sword        |    78 |   162 |   361 |    63 |       |       ||   664
       Scimitar          |       |       |       |   699 |  1333 |   154 ||  2186
Invok: Upheaval          |       |       |       |     1 |    19 |     1 ||    21
       Disaster Area     |       |       |       |     1 |     2 |       ||     3
Evoke: Wand              |       |       |       |       |     5 |       ||     5
  Use: Potion            |       |       |     3 |    12 |     5 |     4 ||    24
       Scroll            |       |       |    18 |    10 |    15 |     1 ||    44
 Stab: Paralysed         |       |     1 |       |       |       |       ||     1
       Distracted        |       |       |     2 |       |       |       ||     2
  Eat: Chunk             |       |     6 |    12 |    12 |    35 |     2 ||    67
       Bread ration      |       |       |       |     2 |     1 |       ||     3
       Pizza             |       |       |       |     2 |     1 |       ||     3
       Beef jerky        |       |       |       |     1 |       |       ||     1
       Meat ration       |       |       |       |       |     1 |     1 ||     2
